SL
BUCKHEAD BOWTIES @ LONG ISLAND LIGHTHOUSE
07/13/2042
 
TOP OF THE 1ST
Buckhead Bowties batting - Pitching for Long Island Lighthouse : RHP Clarence Jones
Pitching: RHP Clarence Jones
Batting: SHB Silvio Capitanio 0-0: Ball
1-0: Called Strike
1-1: Ball
2-1: Called Strike
2-2: Strikes out swinging
Batting: LHB Marcus Shill 0-0: Ball
1-0: Ground out 5-3 (Groundball, 56, EV 96.9 MPH)
Batting: LHB Jesús Encarnación 0-0: Ball
1-0: Ball
2-0: Foul Ball, location: 2F
2-1: Ball
3-1: Foul Ball, location: 2F
3-2: Strikes out looking
Top of the 1st over - 0 runs, 0 hits, 0 errors, 0 left on base; Buckhead 0 - Long Island 0
BOTTOM OF THE 1ST
Long Island Lighthouse batting - Pitching for Buckhead Bowties : LHP Paul Haines
Pitching: LHP Paul Haines
Batting: RHB Eugene Bennett 0-0: Ball
1-0: Foul Ball, location: 2F
1-1: Foul Ball, location: 2F
1-2: Ball
2-2: Reached on error, E6 (Groundball, 6, EV 85.6 MPH)
Batting: RHB Mark Toope 0-0: Foul Ball, location: 2F
0-1: Foul Ball, location: 2F
0-2: Ball
1-2: Foul Ball, location: 2F
1-2: Ball
2-2: Ball
3-2: Grounds into double play, 5-4-3 (Groundball, 5S, EV 88.8 MPH)
Batting: RHB Jonas van Claveren 0-0: Ball
1-0: Called Strike
1-1: Foul Ball, location: 2F
1-2: Ball
2-2: Foul Ball, location: 2F
2-2: Foul Ball, location: 2F
2-2: Ball
3-2: SINGLE (Line Drive, 34, EV 95.0 MPH)
Batting: RHB Colm Goodwill 0-0: Swinging Strike
0-1: Foul Ball, location: 2F
0-2: Ball
1-2: Foul Ball, location: 2F
1-2: SINGLE (Line Drive, 6D, EV 100.6 MPH)
Jonas van Claveren to second
Batting: RHB Iiri Haapajarvi 0-0: Ball
1-0: Called Strike
1-1: Ball
2-1: Ball
3-1: Fly out, F7 (Line Drive, 7, EV 88.8 MPH)
Bottom of the 1st over - 0 runs, 2 hits, 1 error, 2 left on base; Buckhead 0 - Long Island 0
TOP OF THE 2ND
Buckhead Bowties batting - Pitching for Long Island Lighthouse : RHP Clarence Jones
Batting: LHB Jared Schneider 0-0: Called Strike
0-1: Ball
1-1: Foul Ball, location: 2F
1-2: Ball
2-2: Strikes out swinging
Batting: LHB Spencer Powell 0-0: Called Strike
0-1: Ball
1-1: Foul Ball, location: 2F
1-2: Foul Ball, location: 2F
1-2: Foul Ball, location: 2F
1-2: SINGLE (Line Drive, 78S, EV 97.5 MPH)
Batting: LHB Charles Godard 0-0: Ball
1-0: Ball
2-0: Called Strike
2-1: Ball
3-1: SINGLE (Line Drive, 3D, EV 100.0 MPH)
Spencer Powell to second
Runner from 2nd tries for 3rd, SAFE, no throw by RF
Batting: RHB Juan Barrón 0-0: Ball
1-0: Reached on error, E5 (Groundball, 56, EV 85.6 MPH)
Spencer Powell scores
Charles Godard to second
Batting: RHB Obiniana Romulo 0-0: Called Strike
Charles Godard steals 3rd base
Juan Barrón to second
0-1: Foul Ball, location: 2F
0-2: Strikes out swinging
Batting: RHB Cam Lumsden 0-0: Ground out 3-1 (Groundball, 34S, EV 70.6 MPH)
Top of the 2nd over - 1 run, 2 hits, 1 error, 2 left on base; Buckhead 1 - Long Island 0
BOTTOM OF THE 2ND
Long Island Lighthouse batting - Pitching for Buckhead Bowties : LHP Paul Haines
Batting: RHB Oliver Villalva 0-0: Swinging Strike
0-1: Ball
1-1: Called Strike
1-2: Strikes out looking
Batting: RHB Quan Easterling 0-0: Called Strike
0-1: Fly out, F4 (Flyball, 6MD, EV 75.0 MPH)
Batting: LHB Scott Kerin 0-0: Called Strike
0-1: Foul Ball, location: 2F
0-2: Ball
1-2: Ball
2-2: Ground out 1-3 (Groundball, 13, EV 88.1 MPH)
Bottom of the 2nd over - 0 runs, 0 hits, 0 errors, 0 left on base; Buckhead 1 - Long Island 0
TOP OF THE 3RD
Buckhead Bowties batting - Pitching for Long Island Lighthouse : RHP Clarence Jones
Batting: SHB Silvio Capitanio 0-0: Called Strike
0-1: SINGLE (Flyball, 78S, EV 86.9 MPH)
Batting: LHB Marcus Shill 0-0: Fielders Choice at 2nd, 4-6 (Groundball, 4M, EV 83.8 MPH)
Batting: LHB Jesús Encarnación 0-0: Called Strike
0-1: Called Strike
0-2: Ball
1-2: DOUBLE (Line Drive, 78D, EV 111.2 MPH)
Marcus Shill to third
Batting: LHB Jared Schneider 0-0: Ball
1-0: Ball
2-0: Ball
3-0: Called Strike
3-1: Ground out 1-3 (Groundball, 34S, EV 83.1 MPH)
Batting: LHB Spencer Powell 0-0: Ball
1-0: Ball
2-0: Ball
3-0: Fly out, F7 (Line Drive, 7, EV 107.5 MPH)
Top of the 3rd over - 0 runs, 2 hits, 0 errors, 2 left on base; Buckhead 1 - Long Island 0
BOTTOM OF THE 3RD
Long Island Lighthouse batting - Pitching for Buckhead Bowties : LHP Paul Haines
Batting: RHB Carlos Mendoza 0-0: Ball
1-0: Ball
2-0: Ball
3-0: Called Strike
3-1: Fly out, F9 (Flyball, 9D, EV 88.8 MPH)
Batting: RHB Eugene Bennett 0-0: Fly out, F8 (Line Drive, 8RD, EV 93.1 MPH)
Batting: RHB Mark Toope 0-0: Called Strike
0-1: Called Strike
0-2: Ball
1-2: Ball
2-2: Ball
3-2: Foul Ball, location: 2F
3-2: Base on Balls
Batting: RHB Jonas van Claveren 0-0: Ball
1-0: Ball
2-0: Fly out, F7 (Line Drive, 7, EV 96.9 MPH)
Bottom of the 3rd over - 0 runs, 0 hits, 0 errors, 1 left on base; Buckhead 1 - Long Island 0
TOP OF THE 4TH
Buckhead Bowties batting - Pitching for Long Island Lighthouse : RHP Clarence Jones
Batting: LHB Charles Godard 0-0: Ball
1-0: Ball
2-0: Foul Ball, location: 2F
2-1: Ball
3-1: Foul Ball, location: 2F
3-2: Strikes out swinging
Batting: RHB Juan Barrón 0-0: Ball
1-0: Ground out 5-3 (Groundball, 5, EV 100.0 MPH)
Batting: RHB Obiniana Romulo 0-0: SINGLE (Line Drive, 7LS, EV 110.6 MPH)
Batting: RHB Cam Lumsden 0-0: Ball
Wild Pitch!
Obiniana Romulo to second
1-0: Ball
2-0: Ball
3-0: Called Strike
3-1: Fly out, F8 (Flyball, 89M, EV 85.0 MPH)
Top of the 4th over - 0 runs, 1 hit, 0 errors, 1 left on base; Buckhead 1 - Long Island 0
BOTTOM OF THE 4TH
Long Island Lighthouse batting - Pitching for Buckhead Bowties : LHP Paul Haines
Batting: RHB Colm Goodwill 0-0: Foul Ball, location: 2F
0-1: Ball
1-1: Called Strike
1-2: Foul Ball, location: 2F
1-2: Ball
2-2: Strikes out swinging, 2-3 out at first.
Batting: RHB Iiri Haapajarvi 0-0: Ball
1-0: Ball
2-0: Ball
3-0: Called Strike
3-1: Swinging Strike
3-2: Fly out, F8 (Flyball, 8LS, EV 84.4 MPH)
Batting: RHB Oliver Villalva 0-0: Ball
1-0: SINGLE (Groundball, 56, EV 101.9 MPH) (infield hit)
Batting: RHB Quan Easterling 0-0: Fly out, F8 (Flyball, 8LS, EV 76.9 MPH)
Bottom of the 4th over - 0 runs, 1 hit, 0 errors, 1 left on base; Buckhead 1 - Long Island 0
TOP OF THE 5TH
Buckhead Bowties batting - Pitching for Long Island Lighthouse : RHP Clarence Jones
Batting: SHB Silvio Capitanio 0-0: Called Strike
0-1: Fly out, F8 (Flyball, 78D, EV 87.5 MPH)
Batting: LHB Marcus Shill 0-0: Ball
1-0: Foul Ball, location: 2F
1-1: Called Strike
1-2: Ball
2-2: SOLO HOME RUN (Line Drive, 7D, EV 101.9 MPH), Distance : 372 ft
Batting: LHB Jesús Encarnación 0-0: Ball
1-0: Foul Ball, location: 2F
1-1: Ball
2-1: Swinging Strike
2-2: Strikes out looking
Batting: LHB Jared Schneider 0-0: Called Strike
0-1: Ground out 4-3 (Groundball, 4, EV 108.1 MPH)
Top of the 5th over - 1 run, 1 hit, 0 errors, 0 left on base; Buckhead 2 - Long Island 0
BOTTOM OF THE 5TH
Long Island Lighthouse batting - Pitching for Buckhead Bowties : LHP Paul Haines
Batting: LHB Scott Kerin 0-0: Ball
1-0: Swinging Strike
1-1: Foul Ball, location: 2F
1-2: Foul Ball, location: 2F
1-2: Strikes out swinging
Batting: RHB Carlos Mendoza 0-0: Foul Ball, location: 2F
0-1: Ball
1-1: Foul Ball, location: 2F
1-2: Ball
2-2: Foul Ball, location: 2F
2-2: SINGLE (Groundball, 6MD, EV 102.5 MPH)
Batting: RHB Eugene Bennett 0-0: Called Strike
0-1: Foul Ball, location: 2F
0-2: Foul Ball, location: 2F
0-2: Strikes out swinging
Batting: RHB Mark Toope 0-0: Fly out, F8 (Flyball, 8RM, EV 89.4 MPH)
Bottom of the 5th over - 0 runs, 1 hit, 0 errors, 1 left on base; Buckhead 2 - Long Island 0
TOP OF THE 6TH
Buckhead Bowties batting - Pitching for Long Island Lighthouse : RHP Clarence Jones
Batting: LHB Spencer Powell 0-0: Ball
1-0: Called Strike
1-1: SINGLE (Groundball, 56D, EV 103.1 MPH)
Batting: LHB Charles Godard 0-0: Called Strike
0-1: Fielders Choice at 2nd, 6-4 (Groundball, 6, EV 84.4 MPH)
Batting: RHB Juan Barrón 0-0: SINGLE (Line Drive, 34D, EV 98.1 MPH)
Charles Godard to second
Runner from 2nd tries for 3rd, SAFE, no throw by RF
Pitching: RHP Jorge Villanueva
Batting: RHB Obiniana Romulo 0-0: Ball
Juan Barrón is caught stealing 2nd base 2-4
1-0: Ball
2-0: Foul Ball, location: 2F
2-1: Called Strike
2-2: Foul Ball, location: 2F
2-2: Ball
3-2: Foul Ball, location: 2F
3-2: Foul Ball, location: 2F
3-2: Foul Ball, location: 2F
3-2: Foul Ball, location: 2F
3-2: Foul Ball, location: 2F
3-2: Strikes out swinging
Top of the 6th over - 0 runs, 2 hits, 0 errors, 1 left on base; Buckhead 2 - Long Island 0
BOTTOM OF THE 6TH
Long Island Lighthouse batting - Pitching for Buckhead Bowties : LHP Paul Haines
Batting: RHB Jonas van Claveren 0-0: Called Strike
0-1: Called Strike
0-2: Fly out, F9 (Flyball, 9LSF, EV 85.6 MPH)
Batting: RHB Colm Goodwill 0-0: Called Strike
0-1: Foul Ball, location: 2F
0-2: Ball
1-2: Ball
2-2: Strikes out swinging
Batting: RHB Iiri Haapajarvi 0-0: Fly out, F9 (Flyball, 9LDF, EV 97.5 MPH)
Bottom of the 6th over - 0 runs, 0 hits, 0 errors, 0 left on base; Buckhead 2 - Long Island 0
TOP OF THE 7TH
Buckhead Bowties batting - Pitching for Long Island Lighthouse : RHP Jorge Villanueva
Batting: RHB Cam Lumsden 0-0: Ground out 6-3 (Groundball, 6, EV 109.4 MPH)
Batting: SHB Silvio Capitanio 0-0: Foul Ball, location: 2F
0-1: Ground out 4-3 (Groundball, 4, EV 88.1 MPH)
Batting: LHB Marcus Shill 0-0: Foul Ball, location: 2F
0-1: Called Strike
0-2: Ball
1-2: Foul Ball, location: 2F
1-2: Foul Ball, location: 2F
1-2: Foul Ball, location: 2F
1-2: Ball
2-2: Foul Ball, location: 2F
2-2: Strikes out looking
Top of the 7th over - 0 runs, 0 hits, 0 errors, 0 left on base; Buckhead 2 - Long Island 0
BOTTOM OF THE 7TH
Long Island Lighthouse batting - Pitching for Buckhead Bowties : LHP Paul Haines
Batting: RHB Oliver Villalva 0-0: Ball
1-0: Foul Ball, location: 2F
1-1: Swinging Strike
1-2: Ball
2-2: Ball
3-2: Strikes out swinging
Batting: RHB Quan Easterling 0-0: Called Strike
0-1: Reached on error, E5 (Groundball, 56S, EV 90.6 MPH)
Batting: LHB Scott Kerin 0-0: Fly out, F6 (Line Drive, 6, EV 68.1 MPH)
Batting: RHB Carlos Mendoza 0-0: Foul Ball, location: 2F
0-1: Swinging Strike
0-2: Ball
1-2: Ball
2-2: Foul Ball, location: 2F
2-2: Foul Ball, location: 2F
2-2: Foul Ball, location: 2F
2-2: Strikes out swinging
Bottom of the 7th over - 0 runs, 0 hits, 1 error, 1 left on base; Buckhead 2 - Long Island 0
TOP OF THE 8TH
Buckhead Bowties batting - Pitching for Long Island Lighthouse : RHP Jorge Villanueva
Batting: LHB Jesús Encarnación 0-0: Called Strike
0-1: SINGLE (Flyball, 4MD, EV 86.9 MPH)
Batting: LHB Jared Schneider 0-0: Ball
1-0: Called Strike
1-1: Ball
2-1: Called Strike
2-2: Foul Ball, location: 2F
2-2: Strikes out swinging
Pitching: RHP Mac Hippenhammer
Batting: LHB Spencer Powell 0-0: Ball
1-0: Foul Ball, location: 2F
1-1: Swinging Strike
1-2: Foul Ball, location: 2F
1-2: Fly out, F8 (Flyball, 8RXD, EV 110.6 MPH)
Batting: LHB Charles Godard 0-0: Called Strike
0-1: Ball
1-1: Ball
2-1: DOUBLE (Groundball, 3L, EV 105.6 MPH)
Jesús Encarnación to third
Runner from 3rd tries for Home, SAFE, throw by RF to trailing runner, SAFE at third!
Batting: RHB Juan Barrón 0-0: Ground out 5-3 (Groundball, 56, EV 77.5 MPH)
Top of the 8th over - 1 run, 2 hits, 0 errors, 1 left on base; Buckhead 3 - Long Island 0
BOTTOM OF THE 8TH
Long Island Lighthouse batting - Pitching for Buckhead Bowties : LHP Paul Haines
Pitching: RHP Roderick Miller
Batting: RHB Eugene Bennett 0-0: Fly out, F7 (Flyball, 7S, EV 86.2 MPH)
Batting: RHB Mark Toope 0-0: Ball
1-0: SINGLE (Groundball, 56D, EV 99.4 MPH)
Batting: RHB Jonas van Claveren 0-0: Fly out, F8 (Flyball, 8LM, EV 96.2 MPH)
Batting: RHB Colm Goodwill 0-0: Ball
1-0: Called Strike
1-1: Ball
2-1: SINGLE (Groundball, 56, EV 85.6 MPH) (infield hit)
Mark Toope to second
Batting: RHB Iiri Haapajarvi 0-0: Ball
1-0: Ball
2-0: Fielders Choice at 2nd, 6-4 (Groundball, 6, EV 102.5 MPH)
Bottom of the 8th over - 0 runs, 2 hits, 0 errors, 2 left on base; Buckhead 3 - Long Island 0
TOP OF THE 9TH
Buckhead Bowties batting - Pitching for Long Island Lighthouse : RHP Mac Hippenhammer
Batting: RHB Obiniana Romulo 0-0: Called Strike
0-1: Ball
1-1: Foul Ball, location: 2F
1-2: Ball
2-2: Ground out 6-3 (Groundball, 6, EV 103.1 MPH)
Batting: RHB Cam Lumsden 0-0: Ground out 6-3 (Groundball, 56, EV 86.2 MPH)
Batting: SHB Silvio Capitanio 0-0: Foul Ball, location: 2F
0-1: Swinging Strike
0-2: Ball
1-2: Strikes out swinging
Top of the 9th over - 0 runs, 0 hits, 0 errors, 0 left on base; Buckhead 3 - Long Island 0
BOTTOM OF THE 9TH
Long Island Lighthouse batting - Pitching for Buckhead Bowties : RHP Roderick Miller
Pitching: RHP Anthony Hurst
Batting: RHB Oliver Villalva 0-0: Foul Ball, location: 2F
0-1: Ball
1-1: Ball
2-1: Ball
3-1: Fly out, F7 (Flyball, 7D, EV 77.5 MPH)
Batting: RHB Quan Easterling 0-0: Ball
1-0: Ball
2-0: Ball
3-0: Called Strike
3-1: Base on Balls
Batting: LHB Scott Kerin 0-0: Ball
1-0: Ball
2-0: Foul Ball, location: 2F
2-1: Foul Ball, location: 2F
2-2: Foul Ball, location: 2F
2-2: Foul Ball, location: 2F
2-2: Ball
3-2: Grounds into double play, 5-4-3 (Groundball, 56S, EV 83.1 MPH)
Bottom of the 9th over - 0 runs, 0 hits, 0 errors, 0 left on base; Buckhead 3 - Long Island 0
Friday, March 26th, 2021 - OOTP Baseball 20.8 Build 74